 Dungeon Crawl Stone Soup version 0.31.0-9-g3a7656b989 (webtiles) character file.

Game seed: 15971823929905135825

42 SnakkuSnakku7 the Shooter (level 3, -4/25 HPs)
             Began as a Djinni Hunter on Jan 25, 2024.
             Was a Follower of Hepliaklqana.
             Slain by Terence
             ... wielding a +0 short sword
              (7 damage)
             ... on level 2 of the Dungeon.
             The game lasted 00:01:07 (1063 turns).

SnakkuSnakku7 the Shooter (Djinni Hunter)           Turns: 1063, Time: 00:01:07

Health: -4/25      AC:  3    Str: 10    XL:     3   Next: 80%
Gold:   71         EV: 12    Int: 10    God:    Hepliaklqana [*.....] SH:  0 Dex: 18

rFire   + + .        a - +0 shortbow
rCold   x . .        (shield currently unavailable)
rNeg    . . .        c - +0 leather armour
rPois   ∞            (no helmet)
rElec   .            (no cloak)
rCorr   .            (no gloves)
SInv    .            (boots unavailable)
Will    .....        (no amulet)
Stlth   ++           (no ring)
HPRegen 0.24/turn    (no ring)
MPRegen 0.00/turn

%: infuse magic (-5 HP)
@: flying
A: reduced essence, sickness immunity, fire resistance 2, cold vulnerability 1,
float, innate caster, HP casting, extra vitality 1
a: Renounce Religion, Recall Ancestor, Ancestor Identity


You were on level 2 of the Dungeon.
You worshipped Hepliaklqana.
Hepliaklqana was aware of your devotion.
You visited 1 branch of the dungeon, and saw 2 of its levels.

You collected 71 gold pieces.

Inventory:

Hand Weapons
 a - a +0 shortbow (weapon)
Armour
 c - a +0 leather armour (worn)
Jewellery
 j - a +6 ring of strength
Scrolls
 b - a scroll of butterflies
 e - a scroll of enchant weapon {unknown}
 f - 3 scrolls of blinking {unknown}
 i - a scroll of identify {unknown}
Potions
 d - 2 potions of heal wounds {unknown}
 g - a potion of curing {unknown}
 h - a potion of haste {unknown}


   Skills:
 - Level 2.0 Fighting
 + Level 4.3 Ranged Weapons
 - Level 2.1 Dodging
 - Level 0.7 Stealth


You knew the following spells:

 Your Spells              Type           Power      Damage    Failure   Level
a - Kiss of Death         Conj/Necr      0%         2d5       45%         1
Your spell library was empty.

Dungeon Overview and Level Annotations

Branches:
Dungeon (2/15)

Altars:
Hepliaklqana

Shops:
D:1 (

Annotations:
D:2 Terence


Innate Abilities, Weirdness & Mutations

Your life essence is reduced to manifest your ancestor. (-10% HP)
You are immune to sickness and miasma.
You are immune to poison.
Your flesh is very heat resistant. (rF++)
You are vulnerable to cold. (rC-)
You float through the air rather than walking.
You learn spells naturally, not from books.
Your magical power is your life essence.
You have superior vitality. (+4 MHP)


Message History

Terence hits you with a +0 short sword.
Nkonkoni hits Terence but does no damage.
The kobold hits you but does no damage.
You shoot an arrow.
The arrow hits Terence but does no damage.
Terence is almost dead.
Terence hits you with a +0 short sword.
Nkonkoni barely misses Terence.
The kobold hits you but does no damage. Terence hits you with a +0 short sword.
The kobold closely misses you.
Nkonkoni hits Terence.
You shoot an arrow. The arrow closely misses Terence.
Nkonkoni hits Terence but does no damage.
Terence hits you with a +0 short sword. The kobold hits you but does no damage.
You shoot an arrow. The arrow barely misses Terence.
Nkonkoni hits Terence but does no damage.
Terence hits you with a +0 short sword.
The kobold hits you with a +0 short sword.
You are too injured to fight recklessly!
You are too injured to fight recklessly!
You are too injured to fight recklessly!
You shoot an arrow. The arrow barely misses Terence.
Terence barely misses you.
Nkonkoni barely misses Terence.
The kobold misses you.
You shoot an arrow. The arrow closely misses Terence.
Terence hits you with a +0 short sword.
* * * LOW HITPOINT WARNING * * *
Nkonkoni hits Terence but does no damage.
The kobold closely misses you.
Terence hits Nkonkoni with a +0 short sword.
The kobold hits you with a +0 short sword.
* * * LOW HITPOINT WARNING * * *
Nkonkoni closely misses Terence.
You shoot an arrow.
The arrow hits Terence but does no damage.
Terence is almost dead.
Nkonkoni hits Terence but does no damage.
The kobold hits you but does no damage. Terence completely misses you.
Unknown command.
You shoot an arrow. The arrow barely misses Terence.
Terence hits you with a +0 short sword!
You die...
Terence says, "That felt goooood."

#......# # #......# #
#......######### #
#......#.......# #
#......#.......# #
#......#.......#######
#..............†......
#......#.......#######
#....@.#.......# #...
......K@##.......#
#.##
......R.##########
.>......# ........#
######## .........
#....... .........
#.###### ......... #.#
### #.# #..


You could see the friendly Nkonkoni the ancestor, Terence (ally target) and a
kobold.

Vanquished Creatures
  2 adders (D:2)
  A dart slug (D:2)
  An endoplasm (D:1)
  2 goblins
  5 hobgoblins
  3 kobolds
  3 bats (D:1)
  5 rats
22 creatures vanquished.

Notes
Turn   | Place    | Note
-------+----------+-------------------------------------------
     0 | D:1      | SnakkuSnakku7 the Djinni Hunter began the quest for the
                  | Orb.
     0 | D:1      | Reached XP level 1. HP: 18/18 MP: 0/0
   163 | D:1      | Reached XP level 2. HP: 23/23 MP: 0/0
   266 | D:1      | Found Epsoek's Weapon Shoppe.
   490 | D:1      | Found a faded altar of an unknown god.
   495 | D:1      | Prayed at the altar of an unknown god.
   495 | D:1      | Became a worshipper of Hepliaklqana the Forgotten
   495 | D:1      | Reached * piety under Hepliaklqana
   635 | D:2      | Reached skill level 4 in Ranged Weapons
   635 | D:2      | Reached XP level 3. HP: 25/25 MP: 0/0
   635 | D:2      | Learned a level 1 spell: Kiss of Death
  1047 | D:2      | Noticed Terence
  1063 | D:2      | Slain by Terence

Illustrated notes

Levels and vault maps discovered:
D:1:      dpeg_arrival_shelter, layout_basic, serial_shops, shop_fountains,
          ebering_ecumenical_altar_rust
D:2:      layout_basic, grunt_ministairs_9, minmay_misc_feat_enclosed,
          uniq_terence

Skill      XL: |  1  2 |
---------------+-------+-----
Ranged Weapons | 4 |  4.3
Fighting       | |  2.0
Dodging        | |  2.1
Stealth        | |  0.7

Action                     || total
---------------------------++-------
   Fire: Shortbow          ||    90
 Armour: Leather armour    ||    45
  Dodge: Dodged            ||    44
